 Dungeon Crawl Stone Soup version 0.20.1-1-g8b1a95d (webtiles) character file.

99 Internecine the Magician (level 4, 0/37 HPs)
             Began as a Draconian Wanderer on Oct 3, 2017.
             Slain by a gnoll
             ... wielding a +0 spear
              (7 damage)
             ... on level 2 of the Dungeon.
             The game lasted 00:34:18 (3244 turns).

Internecine the Magician (Draconian Wanderer)       Turns: 3244, Time: 00:34:19

Health: 0/37       AC:  5    Str: 17    XL:     4   Next: 45%
Magic:  13/18      EV: 11    Int: 12    God:
Gold:   122        SH:  0    Dex:  9    Spells: 7/10 levels left

rFire    . . .     SeeInvis .   c - +0 shortbow
rCold    . . .     Gourm    .   (shield currently unavailable)
rNeg     . . .     Faith    .   (armour unavailable)
rPois    .         Spirit   .   (helmet restricted)
rElec    .         Reflect  .   (no cloak)
rCorr    .         Harm     .   (no gloves)
MR       .....                  (no boots)
Stlth    +.........             (no amulet)
Regen    0.2/turn               B - ring of magical power
MPRegen  0.2/turn               (no ring)

@: no status effects
A: unfitting armour, cold-blooded, AC +5
a: no special abilities


You were on level 2 of the Dungeon.
You were near starving.

You visited 1 branch of the dungeon, and saw 2 of its levels.

You collected 122 gold pieces.

Inventory:

Hand Weapons
 c - a +0 shortbow (weapon)
 h - a +0 club
 k - a +0 dagger
 y - a +0 club
 A - a +0 hunting sling
 D - a +4 whip of freezing
Missiles
 d - 39 arrows (quivered)
 e - 194 stones
 l - 26 poisoned needles
 m - 2 steel tomahawks
 q - 44 sling bullets
Jewellery
 B - a ring of magical power (left hand)
Scrolls
 j - a scroll of enchant weapon {unknown}
 o - 2 scrolls of fear {unknown}
 v - a scroll of fog {unknown}
 x - a scroll of remove curse {unknown}
 C - a scroll of immolation {unknown}
Potions
 i - a potion of lignification {unknown}
 n - a potion of brilliance {unknown}
 p - a potion of curing {unknown}
 s - 2 potions of agility {unknown}
 u - a potion of flight {unknown}
 z - a potion of heal wounds {unknown}
Books
 a - a book of Frost

   Spells                             Type                      Level
   a - Freeze                         Ice                          1
   b - Throw Frost                    Conjuration/Ice              2
   c - Ozocubu's Armour               Charms/Ice                   3
   d - Throw Icicle                   Conjuration/Ice              4
   e - Summon Ice Beast               Ice/Summoning                4
 b - the Papyrus of Toxins

   Spells                             Type                      Level
   a - Sting                          Conjuration/Poison           1
   b - Mephitic Cloud                 Conjuration/Poison/Air       3
Comestibles
 f - a bread ration
 g - 2 meat rations
 t - a royal jelly
 w - 3 fruits


   Skills:
 + Level 2.5 Fighting
 + Level 2.0 Bows
 + Level 1.8 Throwing
 + Level 0.1 Dodging
 + Level 0.4 Stealth
 + Level 3.9 Spellcasting
 + Level 2.6 Ice Magic


You had 7 spell levels left.
You knew the following spells:

 Your Spells              Type           Power        Failure   Level  Hunger
a - Freeze                Ice            #...         8%          1    #......
b - Throw Frost           Conj/Ice       #.....       19%         2    ##.....


Dungeon Overview and Level Annotations

Branches:
Dungeon (2/15)

Altars:


Innate Abilities, Weirdness & Mutations

Your plain brown scales are hard. (AC +5)
You cannot fit into any form of body armour.
You are cold-blooded and may be slowed by cold attacks.


Message History

Aim: a gnoll, wielding a spear (heavily wounded)
You shoot an arrow. The arrow barely misses the gnoll.
The gnoll hits you from afar with a spear.
* * * LOW HITPOINT WARNING * * *
Firing (i - inventory. (,) - cycle):
d - 40 arrows (quivered)
Press: ? - help, Shift-Dir - straight line, f/p - gnoll
Aim: a gnoll, wielding a spear (heavily wounded)
You shoot an arrow. The arrow barely misses the gnoll.
The gnoll hits you from afar with a spear.
* * * LOW HITPOINT WARNING * * *
Casting: Freeze
Confirm with . or Enter, or press ? or * to list all spells.
Aiming: Throw Frost
Press: ? - help, Shift-Dir - straight line, f/p - gnoll
Aim: a gnoll, wielding a spear (heavily wounded)
The puff of frost hits the gnoll.
The gnoll is severely wounded.
You are near starving!
The gnoll hits you from afar with a spear!
You die...

...###.....)..# #.# #.#
#.## #######..# #.# ##.##
..# #..# #.# #...# ###
#..# #.# #..## #..#
#.########.##### #####
####..# #...............
....# #.....##
##########.##### ###.#
#......############.# #.#
#(....)†@...........# #.#
#...(.g############## #.#
#.....## #.# #(.#.## ###.#
#..#.# ....#####..#.#
###.##.....#.#
#.##.##.##.###############
#..<....##...............#


You could see a gnoll.

Vanquished Creatures
  2 gnolls (D:2)
  3 adders (D:2)
  4 dart slugs
  3 giant cockroaches
  4 hobgoblins
  3 jackals (D:2)
  A ball python (D:1)
  10 bats
  5 frilled lizards
  3 goblins
  6 kobolds
  5 rats
49 creatures vanquished.

Notes
Turn   | Place    | Note
-------+----------+-------------------------------------------
     0 | D:1      | Internecine the Draconian Wanderer began the quest for the Orb.
     0 | D:1      | Internecine set off with: a book of Frost, the Papyrus of Toxins, a +0 shortbow, 20 arrows, a bread ration
     0 | D:1      | Reached XP level 1. HP: 17/17 MP: 4/4
   609 | D:1      | Reached XP level 2. HP: 25/25 MP: 6/6
   711 | D:1      | Learned a level 1 spell: Freeze
   714 | D:1      | Learned a level 2 spell: Throw Frost
  1561 | D:2      | Reached XP level 3. HP: 30/30 MP: 3/7
  2617 | D:2      | Reached XP level 4. HP: 33/37 MP: 9/9
  3244 | D:2      | Slain by a gnoll

Skill      XL: |  1  2  3  4 |
---------------+-------------+-----
Bows           | 2 |  2.0
Fighting       | |  2.5
Throwing       | |  1.8
Dodging        | |  0.1
Stealth        | |  0.4
Spellcasting   | |  3.9
Ice Magic      | |  2.6

Action                   |  1- 3 |  4- 6 || total
-------------------------+-------+-------++-------
 Fire: Shortbow          |    85 |    16 ||   101
 Cast: Freeze            |    30 |     7 ||    37
       Throw Frost       |     5 |     1 ||     6
  Eat: Chunk             |     6 |       ||     6
Armor: Skin              |    18 |     3 ||    21
Dodge: Dodged            |    42 |    10 ||    52
